Map: Ephemeron LE

Players

Serral

  • Race: Zerg Zerg
  • Spawn Location: 11:00

Zest - Winner!

  • Race: Protoss Protoss
  • Spawn Location: 5:00

Event: IEM Katowice 2020

VOD

Have the link to the VOD?

Description

Time

  • Played on: March 1, 2020, 4:48 a.m.
  • Length: 5:22

All games in this series

Show
View Real Time Build Order
Export as new Build Order

Serral Zerg 

Build Orders: Hatch First 

Get SALT Encoding   

  12  0:00  Drone  
  13  0:12  Overlord  
  13  0:17  Drone  
  14  0:31  Drone x2  
  16  0:41  Drone  
  17  0:52  Hatchery  
  17  0:55  Drone  
  17  0:59  Drone  
  18  1:09  Extractor  
  17  1:13  Spawning Pool  
  17  1:17  Drone  
  17  1:20  Drone  
  18  1:28  Drone  
  19  1:39  Overlord  
  19  2:01  Queen  
  19  2:02  Zergling x4  
  19  2:06  Zergling x2, Queen  
  26  2:14  Metabolic Boost  
  26  2:15  Drone x2  
  28  2:24  Drone  
  28  2:25  Drone  
  30  2:43  Hatchery  
  29  2:47  Queen  
  31  2:52  Overlord  
  31  2:55  Drone  
  31  2:58  Drone  
  33  2:59  Drone  
  33  3:02  Drone  
  33  3:04  Drone  
  36  3:16  Drone x4  
  40  3:24  Drone x3  
  43  3:31  Overlord  
  43  3:41  Lair, Roach Warren  
  43  3:42  Zergling x2  
  43  3:43  Extractor, Drone  
  43  3:45  Spore Crawler  
  43  3:47  Drone  
  43  3:49  Drone  
  43  3:51  Drone  
  45  3:56  Queen  
  45  3:58  Drone  
  48  4:05  Drone, Overlord  
  48  4:06  Drone  
  48  4:07  Drone  
  48  4:09  Drone  
  53  4:10  Drone  
  53  4:14  Extractor, Drone  
  54  4:20  Overlord  
  54  4:23  Spore Crawler  
  53  4:24  Zergling x6  
  53  4:30  Spore Crawler  
  54  4:37  Roach x4  
  54  4:38  Roach  
  65  4:47  Zergling x8  
  65  4:53  Zergling x10  
  70  5:02  Roach  
Show
View Real Time Build Order
Export as new Build Order

Zest Protoss - Winner!

Build Orders: 4 Gate Adept, 1 Gate Expand, Mass Adepts 

Get SALT Encoding   

  12  0:00  Probe  
  13  0:13  Pylon  
  13  0:18  Probe (Chrono Boost)  
  15  0:29  Probe (Chrono Boost)  
  15  0:34  Probe (Chrono Boost)  
  16  0:40  Gateway  
  16  0:44  Probe  
  16  0:49  Assimilator  
  17  0:56  Probe  
  18  1:08  Probe  
  19  1:20  Probe  
  20  1:26  Nexus  
  20  1:36  Cybernetics Core  
  20  1:39  Probe  
  21  1:46  Assimilator  
  21  1:52  Probe  
  22  1:54  Pylon  
  22  2:04  Probe (Chrono Boost)  
  23  2:09  Adept (Chrono Boost)  
  26  2:15  Probe (Chrono Boost)  
  26  2:16  Warp Gate  
  26  2:20  Probe (Chrono Boost)  
  27  2:24  Twilight Council  
  27  2:32  Probe (Chrono Boost)  
  27  2:35  Stalker  
  30  2:38  Probe (Chrono Boost)  
  32  2:48  Probe x2 (Chrono Boost)  
  33  2:55  Probe, Robotics Facility  
  33  2:56  Probe  
  35  3:06  Resonating Glaives (Chrono Boost)  
  35  3:08  Gateway  
  35  3:15  Gateway  
  35  3:19  Probe x2  
  37  3:27  Gateway  
  37  3:32  Probe x2  
  39  3:36  Pylon  
  39  3:39  Warp Prism (Chrono Boost)  
  39  3:44  Probe  
  39  3:46  Probe  
  43  3:49  Pylon  
  43  3:54  Assimilator  
  43  3:58  Probe  
  43  3:59  Probe  
  45  4:05  Adept x2  
  45  4:09  Adept  
  51  4:11  Observer  
  51  4:13  Probe x2  
  54  4:17  Assimilator  
  54  4:20  Pylon  
  54  4:30  Adept  
  54  4:31  Adept x3  
  62  4:37  Pylon  
  62  4:53  Adept x3  
  62  4:54  Adept  
  62  4:57  Pylon  
  70  5:11  Pylon  
  70  5:15  Adept x4  

Tags
 
Add a new tag
Caveats
  • Supply blocks, unpowered buildings, or Contaminate may cause inaccurate times.
  • Supply counts are checked every 10 seconds.